 Dungeon Crawl Stone Soup version 0.24.0-13-gcf9b3192b9 (webtiles) character file.

Game seed: 17290214962298115380, levelgen mode: deterministic

51 Descartes the Sneak (level 3, 0/17 HPs)
             Began as a Vine Stalker Enchanter on Nov 7, 2019.
             Slain by Sigmund
             ... wielding a +0 scythe of flaming
              (5 damage)
             ... on level 2 of the Dungeon.
             The game lasted 00:02:50 (1284 turns).

Descartes the Sneak (Vine Stalker Enchanter)        Turns: 1284, Time: 00:02:51

Health: 0/17       AC:  3    Str: 10    XL:     3   Next: 83%
Magic:  0/7        EV: 12    Int: 16    God:
Gold:   30         SH:  0    Dex: 14    Spells: 5/6 levels left

rFire    . . .     SeeInvis .   h - +1 dagger (freeze)
rCold    . . .     Gourm    .   (no shield)
rNeg     . . .     Faith    .   b - +0 robe
rPois    .         Spirit   +   (no helmet)
rElec    .         Reflect  .   j - +0 cloak
rCorr    .         Harm     .   (no gloves)
MR       .....                  (no boots)
Stlth    +++.......             (no amulet)
HPRegen  0.05/turn              (no ring)
MPRegen  0.10/turn              (no ring)

@: no status effects
A: fangs 2, magic shield, antimagic bite, no potion heal 3, rot immunity
a: no special abilities


You were on level 2 of the Dungeon.
You were not hungry.

You visited 1 branch of the dungeon, and saw 2 of its levels.

You collected 30 gold pieces.

Inventory:

Hand Weapons
 a - a +0 hunting sling
 h - a +1 dagger of freezing (weapon)
Missiles
 i - 40 stones (quivered)
 n - 16 arrows
Armour
 b - a +0 robe (worn)
 j - a +0 cloak (worn)
 p - a +0 large shield
Scrolls
 e - a scroll of remove curse {unknown}
 f - a scroll of identify {unknown}
 g - a scroll of fear {unknown}
 k - a scroll of immolation {unknown}
Potions
 l - a potion of heal wounds
 m - 2 potions of agility {unknown}
 o - a potion of resistance {unknown}
 q - a potion of berserk rage {unknown}
Comestibles
 d - a ration


   Skills:
 + Level 0.6 Fighting
 + Level 1.2 Short Blades
 + Level 0.4 Armour
 + Level 1.9 Dodging
 + Level 4.1 Stealth
 + Level 0.0 Shields
 * Level 1.1 Unarmed Combat
 + Level 2.4 Spellcasting
 + Level 3.2 Hexes


You had 5 spell levels left.
You knew the following spells:

 Your Spells              Type           Power        Failure   Level  Hunger
a - Corona                Hex            ##.....      5%          1    #......

Your spell library contained the following spells:

 Spells                   Type           Power        Failure   Level  Hunger
 Ensorcelled Hibernation  Hex/Ice        #.....       16%         2    ###....
 Confuse                  Hex            ##......     16%         3    ###....
 Tukima's Dance           Hex            ##......     16%         3    ###....
 Dazzling Spray           Conj/Hex       #.....       30%         3    ###....


Dungeon Overview and Level Annotations

Branches:
Dungeon (2/15)

Altars:

Annotations:
D:2 Sigmund


Innate Abilities, Weirdness & Mutations

You have extremely sharp teeth.
When hurt, damage is shared between your health and your magic reserves.
Your bite disrupts and absorbs the magic of your enemies.
Potions cannot restore your health.
You are immune to rotting.


Message History

You hit Sigmund. You freeze Sigmund. You bite Sigmund.
Sigmund's magic leaks into the air.
You drain his magic.
You feel invigorated.
Sigmund is heavily wounded.
Sigmund says, "I'm your fate." Sigmund closely misses you.
You barely miss Sigmund.
Sigmund is heavily wounded.
You hit Sigmund. You freeze Sigmund. You bite Sigmund.
Sigmund's magic leaks into the air.
You drain his magic.
You feel invigorated.
Sigmund is severely wounded.
Sigmund closely misses you.
You barely miss Sigmund.
Sigmund is severely wounded.
Sigmund casts a spell.
Sigmund flickers and vanishes!
Deactivating autopickup; reactivate with Ctrl-A.
You hit something. You freeze something. Your bite misses something.
You closely miss something. Your bite misses something. You miss something.
You bite something. Something hits you!
You die...

#### #................+#.#......
#####....#.......##.#......
#.............##.#......
#.....##......##.#......
#.....########.......... #.....#
#.......... #.....# #..........
##########.....########....####..
............<..'@{....###'##.....
.##########....####..>...........
.#..........#### #............##
.#.#####..#.#######............#
.#..<...............#'######...#
.###.###.##.#######.#.######...#
............#.....#.#..........#
.###........#.#.#.#.#######.####
..#.............#.#.# ###.#####


There were no monsters in sight!

Vanquished Creatures
  5 dart slugs
  3 leopard geckos
  4 giant cockroaches
  3 goblins (D:1)
  4 hobgoblins
  3 jackals (D:1)
  8 kobolds (D:1)
  2 bats (D:1)
  3 rats (D:1)
35 creatures vanquished.

Notes
Turn   | Place    | Note
-------+----------+-------------------------------------------
     0 | D:1      | Descartes the Vine Stalker Enchanter began the quest for
                  | the Orb.
     0 | D:1      | Reached XP level 1. HP: 9/9 MP: 4/4
    21 | D:1      | Reached skill level 1 in Short Blades
    91 | D:1      | Reached XP level 2. HP: 11/13 MP: 4/6
   588 | D:1      | Reached XP level 3. HP: 17/17 MP: 7/7
   593 | D:1      | Reached skill level 1 in Unarmed Combat
   625 | D:1      | Reached skill level 4 in Stealth
  1222 | D:2      | Noticed Sigmund
  1284 | D:2      | Slain by Sigmund

Levels and vault maps discovered:
D:1:      minmay_arrival_semitransparent, layout_basic
D:2:      layout_basic, gammafunk_temple_overflow_wave, uniq_sigmund

Skill      XL: |  1  2  3 |
---------------+----------+-----
Short Blades   | 1 |  1.2
Unarmed Combat | 1 |  1.1
Stealth        | 4 |  4.1
Fighting       | |  0.6
Armour         | |  0.4
Dodging        | |  1.9
Spellcasting   | |  2.4
Hexes          | |  3.2

Action                   || total
-------------------------++-------
Melee: Dagger            ||   123
       Bite              ||    29
 Stab: Sleeping          ||     5
  Eat: Chunk             ||     1
Armor: Robe              ||    17
Dodge: Dodged            ||    92
